 Dungeon Crawl Stone Soup version 0.23.1-41-g7e51ed3 (webtiles) character file.

Game seed: 15039280804220001047

175 miragecloak the Chopper (level 5, -1/41 HPs)
             Began as a Formicid Monk on Mar 29, 2019.
             Killed from afar by an orc wizard (3 damage)
             ... with a magic dart
             ... on level 7 of the Dungeon.
             The game lasted 00:04:42 (3984 turns).

miragecloak the Chopper (Formicid Monk)             Turns: 3984, Time: 00:04:43

Health: -1/41      AC:  7    Str: 17    XL:     5   Next: 86%
Magic:  0/5        EV: 13    Int: 13    God:
Gold:   201        SH:  0    Dex: 13    Spells: 4/4 levels left

rFire    . . .     SeeInvis +   j - +0 flail
rCold    . . .     Gourm    .   (no shield)
rNeg     + + .     Faith    .   v - +1 robe of Dithmenos's Wrath {rN+ Int+4}
rPois    .         Spirit   +   (helmet unavailable)
rElec    .         Reflect  .   (no cloak)
rCorr    .         Harm     .   (no gloves)
MR       .....                  (no boots)
Stlth    ++........             g - amulet of guardian spirit
HPRegen  0.13/turn              i - ring of positive energy
MPRegen  0.09/turn              t - +4 ring of protection

@: no status effects
A: permanent stasis, dig shafts and tunnels, four strong arms, antennae 3
a: Dig, Shaft Self


You were on level 7 of the Dungeon.
You were hungry.

You visited 1 branch of the dungeon, and saw 7 of its levels.

You collected 201 gold pieces.

Inventory:

Hand Weapons
 a - a +0 hand axe
 j - a +0 flail (weapon)
Armour
 f - a +0 leather armour
 v - the +1 robe of Dithmenos's Wrath (worn) {rN+ Int+4}
   (You found it on level 4 of the Dungeon)

   It affects your intelligence (+4).
   It protects you from negative energy.
Jewellery
 g - an amulet of guardian spirit (around neck)
 i - a ring of positive energy (left hand)
 t - a +4 ring of protection (right hand)
Scrolls
 d - 2 scrolls of remove curse {unknown}
 h - 7 scrolls of identify {unknown}
 k - a scroll of enchant weapon {unknown}
 l - a scroll of teleportation
 q - a scroll of amnesia {unknown}
 u - a scroll of immolation {unknown}
Potions
 b - a potion of flight {unknown}
 e - a potion of degeneration {unknown}
 m - a potion of haste {unknown}
 n - 2 potions of curing
 o - a potion of might {unknown}
 p - a potion of lignification {unknown}
 s - a potion of agility {unknown}
 w - a potion of mutation {unknown}
Comestibles
 c - 7 rations


   Skills:
 - Level 3.2 Fighting
 + Level 6.1 Axes
 - Level 2.6 Dodging
 - Level 2.4 Stealth


You had 4 spell levels left.
You didn't know any spells.
Your spell library was empty.

Dungeon Overview and Level Annotations

Branches:
Dungeon (7/15)
 Temple: D:4-7

Altars:
Gozag
Qazlal
Yredelemnul

Annotations:
D:6 1 runed translucent door
D:7 Joseph


Innate Abilities, Weirdness & Mutations

You cannot be hasted, slowed, berserked, paralysed or teleported.
You can dig through walls and to a lower floor.
Your four strong arms can wield two-handed weapons with a shield.
You have a pair of large antennae on your head. (SInv)


Message History

You fall through a shaft for 2 floors!
The shaft crumbles and collapses.
Level annotation: Joseph A bullfrog, 3 orc wizards and a howler monkey come into view.
An orc wizard is wielding a +1 dagger of draining.
The orc wizard shouts! x3; You hear an angry hiss.
You hear a shout!
The howler monkey howls!
The orc wizard casts a spell.
The orc wizard blinks!
The bullfrog misses you.
The orc wizard moves out of view. x2
Found 15 gold pieces and a rapier.
Okay, then.
Okay, then.
Okay, then.
As you read the scroll labeled CEEQIE ITWU, it crumbles to dust.
You feel a strange sense of stasis.
It was a scroll of teleportation.
The bullfrog hits you but does no damage.
The orc wizard gestures at you while chanting.
The magic dart hits you.
You die...

..#.) #..
.... ..
...# ..
...###.#
.h....##
#......#.#
#..F......
#.@#
#.....#
#..o$##
...ยง.o#
......
....#.
....# ...


You could see a bullfrog, a howler monkey and 2 orc wizards.

Vanquished Creatures
  2 hounds (D:4)
  A hound skeleton (D:4)
  4 adders
  3 worms
  A dart slug (D:2)
  3 leopard geckos
  2 orcs
  4 ball pythons
  3 giant cockroaches
  4 goblins
  6 hobgoblins
  5 jackals
  2 quokkas
  A bat (D:1)
  5 frilled lizards
  2 kobolds
  A quokka skeleton (D:4)
  6 rats
55 creatures vanquished.

Vanquished Creatures (others)
  5 toadstools (D:1)
5 creatures vanquished.

Grand Total: 60 creatures vanquished

Notes
Turn   | Place    | Note
-------+----------+-------------------------------------------
     0 | D:1      | miragecloak the Formicid Monk began the quest for the Orb.
     0 | D:1      | Reached XP level 1. HP: 18/18 MP: 1/1
   170 | D:1      | Reached XP level 2. HP: 23/24 MP: 2/2
   991 | D:2      | Reached skill level 4 in Axes
   991 | D:2      | Reached XP level 3. HP: 16/29 MP: 1/3
  1259 | D:2      | You fall through a shaft for 2 floors!
  1630 | D:3      | Found an opulent altar of Gozag.
  1778 | D:2      | Reached XP level 4. HP: 12/35 MP: 2/4
  2847 | D:3      | Reached skill level 5 in Axes
  3550 | D:4      | Reached XP level 5. HP: 34/41 MP: 5/5
  3565 | D:4      | Got a warped robe
  3576 | D:4      | Identified the +1 robe of Dithmenos's Wrath {rN+ Int+4}
                  | (You found it on level 4 of the Dungeon)
  3636 | D:4      | Reached skill level 6 in Axes
  3749 | D:4      | Found a basalt altar of Yredelemnul.
  3798 | D:4      | Noticed a hornet
  3803 | D:4      | You fall through a shaft!
  3803 | D:5      | Entered Level 5 of the Dungeon
  3907 | D:5      | Found a stormy altar of Qazlal.
  3928 | D:5      | Noticed a black bear
  3937 | D:4      | You fall through a shaft for 2 floors!
  3961 | D:7      | Noticed Joseph
  3961 | D:7      | Noticed an orc warrior
  3973 | D:6      | Found a runed translucent door.
  3973 | D:6      | Noticed a bullfrog
  3979 | D:5      | Noticed a centaur
  3982 | D:5      | HP: 2/41 [iguana (12)]
  3983 | D:5      | You fall through a shaft for 2 floors!
  3983 | D:7      | Noticed a bullfrog
  3984 | D:7      | Killed from afar by an orc wizard

Skill      XL: |  1  2  3  4  5 |
---------------+----------------+-----
Axes           | 4 5 6 |  6.1
Fighting       | |  3.2
Dodging        | |  2.6
Stealth        | |  2.4

Action                   |  1- 3 |  4- 6 || total
-------------------------+-------+-------++-------
Melee: Hand axe          |    41 |       ||    41
       Flail             |    64 |   137 ||   201
 Abil: Shaft Self        |       |     3 ||     3
  Use: Potion            |       |     1 ||     1
       Scroll            |       |     1 ||     1
 Stab: Sleeping          |     7 |     3 ||    10
  Eat: Chunk             |     3 |     7 ||    10
Armor: Leather armour    |    30 |    47 ||    77
       Robe              |       |    27 ||    27
Dodge: Dodged            |    72 |   151 ||   223
